 Dungeon Crawl Stone Soup version 0.25-a0-1007-g10a8c3caa8 (webtiles) character file.

Game seed: 6077806990979532226, levelgen mode: deterministic

129145 Flugslaktarn the Severer (level 16, -2/157 HPs)
             Began as a Minotaur Fighter on May 11, 2020.
             Was the Champion of Qazlal.
             Slain by the 26-headed Lernaean hydra (9 damage)
             ... on level 4 of the Swamp.
             The game lasted 00:15:40 (24993 turns).

Flugslaktarn the Severer (Minotaur Fighter)        Turns: 24993, Time: 00:15:41

Health: -2/157     AC: 34    Str: 22    XL:     16   Next: 50%
Magic:  24/24      EV: 16    Int:  5    God:    Qazlal [******]
Gold:   1390       SH: 27    Dex: 16    Spells: 15/15 levels left

rFire    . . .     SeeInvis .   H - +2 broad axe (freeze)
rCold    . . .     Gourm    .   j - +0 kite shield
rNeg     . . .     Faith    .   P - +2 plate armour {rPois}
rPois    +         Spirit   .   (helmet restricted)
rElec    .         Reflect  +   T - +1 cloak {rPois}
rCorr    .         Harm     .   Q - +2 pair of gloves
MR       ++...                  p - +2 pair of boots
Stlth    ..........             E - +5 amulet of reflection
HPRegen  0.36/turn              R - ring of protection from magic
MPRegen  0.19/turn              L - +5 ring of evasion

@: protected from physical damage, studying Fighting, repel missiles, very slow
A: retaliatory headbutt, hooves 1, horns 2, molten scales 1
a: Upheaval, Elemental Force, Disaster Area, Renounce Religion


You were on level 4 of the Swamp.
You worshipped Qazlal.
Qazlal was exalted by your worship.
You were very hungry.

You visited 3 branches of the dungeon, and saw 25 of its levels.
You also visited: Ossuary, Gauntlet and Ice Cave.

You collected 1390 gold pieces.

Inventory:

Hand Weapons
 a - a +2 vorpal broad axe
   (You found it on level 2 of the Lair of Beasts)
 H - a +2 broad axe of freezing (weapon)
   (You found it in a Gauntlet)
Armour
 g - quicksilver dragon scales
   (You took it off a minotaur in a Gauntlet)
 j - a +0 kite shield (worn)
 p - a +2 pair of boots (worn)
   (You found it on level 4 of the Dungeon)
 M - the +0 pair of gloves "Ammoaxouts" {*Corrode rN+ Int+8 Stlth+}
   (You found it in a Gauntlet)

   It affects your intelligence (+8).
   It protects you from negative energy.
   It may corrode you when you take damage.
   It makes you more stealthy.
 P - a +2 plate armour of poison resistance (worn)
   (You found it on level 6 of the Lair of Beasts)
 Q - a +2 pair of gloves (worn)
   (You found it on level 1 of the Swamp)
 T - a +1 cloak of poison resistance (worn)
   (You took it off Nikola on level 3 of the Swamp)
Jewellery
 c - an uncursed ring of protection from cold
   (You took it off a frost giant in an ice cave)
 i - an uncursed ring of see invisible
   (You found it on level 2 of the Lair of Beasts)
 k - an uncursed amulet of guardian spirit
   (You found it on level 3 of the Dungeon)
 m - an uncursed ring of protection from magic
   (You found it on level 13 of the Dungeon)
 E - a +5 amulet of reflection (around neck)
   (You found it on level 2 of the Lair of Beasts)
 L - a +5 ring of evasion (right hand)
   (You took it off an orc warrior on level 10 of the Dungeon)
 R - a ring of protection from magic (left hand)
   (You found it on level 12 of the Dungeon)
Wands
 v - a wand of digging (6)
   (You found it on level 14 of the Dungeon)
 y - a wand of iceblast (18)
   (You found it in an ice cave)
 D - a wand of paralysis (9)
   (You found it in an ice cave)
 J - a wand of enslavement (18)
   (You found it on level 12 of the Dungeon)
 O - a wand of acid (16)
   (You found it on level 6 of the Lair of Beasts)
Scrolls
 l - 2 scrolls of fog
 r - 3 scrolls of identify
 t - 6 scrolls of teleportation
 u - 3 scrolls of immolation
 x - 11 scrolls of remove curse
 A - a scroll of fear
 K - a scroll of magic mapping
 N - a scroll of enchant armour
Potions
 b - a potion of invisibility
 d - 4 potions of might
 f - a potion of cancellation
 h - 6 potions of haste
 n - 2 potions of resistance
 o - a potion of berserk rage
 q - 12 potions of curing
 s - 5 potions of lignification
 w - 4 potions of heal wounds
 z - 4 potions of flight
 B - a potion of ambrosia
 F - a potion of magic
 I - 2 potions of mutation
Books
 G - a manual of Fighting
   (You acquired it on level 5 of the Lair of Beasts)
Comestibles
 e - 31 rations


   Skills:
 + Level 17.9 Fighting
 - Level 18.0 Axes
 + Level 15.3 Armour
 + Level 7.0 Dodging
 + Level 14.5 Shields
 - Level 12.0 Invocations


You had 15 spell levels left.
You didn't know any spells.
Your spell library contained the following spells:

 Spells                   Type           Power        Failure   Level  Hunger
 Irradiate                Conj/Tmut      #.........   100%        5    ######.
 Hydra Form               Tmut           #.........   100%        6    #######
 Statue Form              Tmut/Erth      #........    100%        6    #######
 Dragon Form              Tmut           #.........   100%        7    #######


Dungeon Overview and Level Annotations

Branches:
Dungeon (15/15)            Temple (0/1) D:6            Lair (6/6) D:8
  Swamp (4/4) Lair:3       Spider (0/4) Lair:3        Slime (0/5) Lair:5
    Orc (0/2) D:12         Vaults (0/5) D:13         Depths (0/5) D:15
Ossuary (visited)           IceCv (visited)         Gauntlet (visited)

Altars:
Elyvilon
Hepliaklqana
Kikubaaqudgha
Makhleb
Nemelex Xobeh
Okawaru
Qazlal
Ru
Sif Muna
Trog
Uskayaw
Vehumet
Wu Jian
Xom

Portals:
Trove: D:11 (give 3 potions of resistance)

Annotations:
Swamp:4 Lernaean hydra


Innate Abilities, Weirdness & Mutations

You reflexively headbutt those who attack you in melee.
You have a pair of horns on your head.
You have large cloven feet.
You are partially covered in molten scales. (AC +2)


Message History

The 26-headed Lernaean hydra bites you!
* * * LOW HITPOINT WARNING * * *
You feel more protected from physical attacks.
The 26-headed Lernaean hydra barely misses you.
You block the 26-headed Lernaean hydra's attack.
The 26-headed Lernaean hydra bites you but does no damage. x4
You block the 26-headed Lernaean hydra's attack.
The 26-headed Lernaean hydra bites you but does no damage.
The 26-headed Lernaean hydra bites you.
* * * LOW HITPOINT WARNING * * *
You feel more protected from physical attacks.
The 26-headed Lernaean hydra bites you.
* * * LOW HITPOINT WARNING * * *
The 26-headed Lernaean hydra bites you.
* * * LOW HITPOINT WARNING * * *
The 26-headed Lernaean hydra bites you but does no damage.
The 26-headed Lernaean hydra closely misses you.
The 26-headed Lernaean hydra bites you but does no damage. x2
The 26-headed Lernaean hydra bites you!
You die...

♣♣≈.≈≈≈≈≈≈≈♣ ♣≈§≈.≈≈≈≈≈≈♣
♣♣♣ ♣..♣.≈≈≈≈≈≈♣ ♣♣.♣
♣.≈♣≈§≈≈≈§.♣ ♣..♣♣
♣♣♣♣♣.≈)[)≈♣ ♣..≈♣
♣≈...≈♣♣♣♣♣♣♣♣♣..♣ .
♣♣≈÷§÷♣♣♣≈♣†≈♣♣.^♣###≈$#
♣♣.♣♣♣♣†<§≈≈)..†....†≈.≈#
♣...≈♣♣°@D≈≈†......≈≈.♣≈#
♣♣≈≈§≈§°≈D≈.≈..≈≈.≈≈≈.≈≈#
♣≈.≈≈.§≈.♣≈..≈...♣###.≈#
♣..≈.≈≈≈≈≈....≈.♣♣ #≈≈
♣.≈≈.≈♣♣.≈≈.....♣ #.
♣.≈≈≈.♣≈≈≈≈.♣♣.♣♣ #
♣.≈≈≈.♣.≈≈≈.♣≈.♣ ♣♣..≈≈.
[≈≈≈≈ ♣♣♣.≈≈♣ ..≈


You could see the 26-headed Lernaean hydra and a 11-headed hydra (fleeing,
slow).

Vanquished Creatures
  Mara (Swamp:3)
  Nikola (Swamp:3)
  Rupert (Lair:3)
  Frances (D:13)
  Kirke (Swamp:1)
  A frost giant (IceCv)
  A dire elephant (Lair:6)
  A minotaur (Gauntlet)
  2 ogre magi
  Josephine (Swamp:1)
  14 hydras
  2 shambling mangroves
  A ghost crab (Swamp:2)
  2 centaur warriors
  Erica (D:11)
  A catoblepas (Lair:6)
  12 two-headed ogres
  4 alligators
  10 death yaks
  A sun demon (D:13)
  3 unseen horrors
  3 wizards
  A deep elf mage (D:14)
  3 swamp dragons
  3 orc knights (D:15)
  A necromancer (D:15)
  A wolf spider zombie (D:13)
  6 ugly things
  3 oklob plants (Lair:5)
  A lindwurm (Lair:6)
  4 manticores
  An orc sorcerer (D:15)
  5 cyclopes
  17 elephants
  4 centaur zombies
  9 black mambas
  An ice statue (IceCv)
  Joseph (Lair:1)
  14 spiny frogs
  A naga mage (D:15)
  5 centaur skeletons
  2 rime drakes
  2 kobold demonologists
  An ice devil (D:13)
  7 komodo dragons
  A freezing wraith (D:15)
  3 meliai (D:10)
  18 polar bears
  A wolf spider simulacrum (Gauntlet)
  A harpy skeleton (D:15)
  3 trolls
  15 hornets
  9 bog bodies
  16 blink frogs
  10 hippogriffs
  11 slime creatures
  3 dream sheep (Lair:6)
  A shadow (D:11)
  6 spriggans
  32 yaks
  2 hogs (Swamp:1)
  6 wraiths
  A wyvern (Lair:2)
  3 vampires
  2 steam dragons
  2 humans (Swamp:1)
  3 basilisks
  17 vampire mosquitoes
  3 hungry ghosts
  4 swamp worms
  23 insubstantial wisps
  10 water moccasins
  2 porcupines
  8 swamp drakes
  3 ice beasts
  3 sky beasts
  2 hornet zombies (D:15)
  8 ogres
  6 orc warriors
  2 black bears
  An eye of draining (D:14)
  2 necrophages
  An ice dragon simulacrum (Gauntlet)
  9 centaurs
  A phantom (D:8)
  19 wolves
  15 crocodiles
  A big kobold (D:10)
  A crocodile (shapeshifter) (D:13)
  13 bullfrogs
  An elf zombie (Ossuary)
  Blork the orc (D:5)
  A gnoll sergeant (D:9)
  3 scorpions
  12 killer bees
  4 wights (D:8)
  4 howler monkeys
  10 electric eels
  11 crimson imps
  A bullfrog zombie (D:12)
  6 jellies
  2 quasits
  2 bullfrog skeletons
  A wyvern simulacrum (Gauntlet)
  11 hounds
  11 orc wizards
  5 iguanas
  7 orc priests
  Jessica (D:2)
  Ijyb (D:3)
  A hell rat (Lair:6)
  7 worker ants
  A big kobold zombie (Ossuary)
  3 centaur simulacra (Gauntlet)
  3 mummies (Ossuary)
  11 gnolls
  11 adders
  A howler monkey skeleton (D:9)
  3 shadow imps
  16 white imps
  5 oozes (D:11)
  2 adder zombies (D:5)
  An adder skeleton (D:8)
  3 worms
  A dart slug (D:1)
  13 leopard geckos
  47 orcs
  2 ball pythons
  A giant cockroach (D:2)
  3 goblins
  11 jackals
  4 quokkas
  5 frilled lizards
  3 hobgoblin zombies (Ossuary)
  4 kobolds (D:10)
  3 kobold zombies (Ossuary)
  A leopard gecko zombie (D:6)
  4 rats
  A fungus (Lair:5)
  3 plants
730 creatures vanquished.

Vanquished Creatures (others)
  A hydra (Swamp:2)
  A hornet (Swamp:4)
  A human (Swamp:1)
  2 swamp worms (Swamp:3)
  A centaur (D:13)
  A white imp (Gauntlet)
  2 orcs (D:7)
  5 fungi
  8 plants
22 creatures vanquished.

Grand Total: 752 creatures vanquished

Notes
Turn   | Place    | Note
-------+----------+-------------------------------------------
     0 | D:1      | Flugslaktarn the Minotaur Fighter began the quest for the
                  | Orb.
     0 | D:1      | Reached XP level 1. HP: 19/19 MP: 0/0
   217 | D:2      | Reached XP level 2. HP: 27/27 MP: 1/1
   246 | D:2      | Noticed Jessica
   251 | D:2      | Killed Jessica
   251 | D:2      | Reached skill level 3 in Axes
   251 | D:2      | Reached XP level 3. HP: 33/33 MP: 2/2
   277 | D:3      | Reached XP level 4. HP: 28/40 MP: 3/3
   281 | D:3      | Found a radiant altar of Vehumet.
   513 | D:3      | Noticed Ijyb
   529 | D:3      | Killed Ijyb
   529 | D:3      | Reached skill level 4 in Axes
   795 | D:4      | Reached XP level 5. HP: 36/47 MP: 4/4
   882 | D:4      | Noticed an ogre
   889 | D:4      | Killed an ogre
   889 | D:4      | Reached skill level 5 in Axes
   896 | D:4      | Found a stormy altar of Qazlal.
  1028 | D:4      | Became a worshipper of Qazlal Stormbringer
  1087 | D:4      | Reached XP level 6. HP: 37/55 MP: 1/5
  1424 | D:5      | Entered Level 5 of the Dungeon
  1431 | D:5      | Found a burning altar of Makhleb.
  1450 | D:5      | Reached skill level 5 in Fighting
  1450 | D:5      | Reached skill level 5 in Shields
  1502 | D:4      | Reached skill level 5 in Armour
  1502 | D:4      | Reached skill level 1 in Invocations
  1822 | D:4      | Found a shimmering blue altar of Sif Muna.
  2000 | D:5      | Reached XP level 7. HP: 61/61 MP: 7/7
  2093 | D:5      | Reached skill level 6 in Axes
  2189 | D:5      | Reached * piety under Qazlal
  2450 | D:5      | Noticed Blork the orc
  2467 | D:5      | Killed Blork the orc
  2952 | D:6      | Reached skill level 7 in Axes
  2967 | D:6      | Found a staircase to the Ecumenical Temple.
  2982 | D:6      | Reached XP level 8. HP: 67/70 MP: 6/8
  3086 | D:6      | Found a sacrificial altar of Ru.
  3178 | D:6      | Found an ancient bone altar of Kikubaaqudgha.
  3598 | D:7      | Found an iron altar of Okawaru.
  3598 | D:7      | Found a sparkling altar of Nemelex Xobeh.
  3598 | D:7      | Found an ornate altar of the Wu Jian Council.
  3599 | D:7      | Noticed a hippogriff
  3612 | D:7      | Killed a hippogriff
  3627 | D:6      | Reached skill level 8 in Axes
  3816 | D:7      | Found a hazy altar of Hepliaklqana.
  3824 | D:7      | Found a bloodstained altar of Trog.
  3825 | D:7      | Found a white marble altar of Elyvilon.
  4058 | D:7      | Reached ** piety under Qazlal
  4132 | D:7      | Found a shimmering altar of Xom.
  4349 | D:7      | Reached XP level 9. HP: 78/78 MP: 10/10
  4377 | D:7      | Noticed a +0 hand axe
  4378 | D:7      | Noticed a +0 hand axe
  4387 | D:7      | Found a hide-covered altar of Uskayaw.
  4689 | D:8      | Reached skill level 9 in Axes
  5183 | D:8      | Reached *** piety under Qazlal
  5227 | D:8      | Found a sand-covered staircase.
  5288 | Ossuary  | Entered an ossuary
  5744 | D:8      | Found a staircase to the Lair.
  6345 | D:8      | You fall into a shaft and drop 3 floors!
  6346 | D:11     | Noticed a two-headed ogre
  6348 | D:11     | Noticed a two-headed ogre
  6355 | D:11     | Reached skill level 10 in Axes
  6357 | D:11     | Noticed a troll
  6366 | D:11     | Reached skill level 5 in Invocations
  6372 | D:11     | Killed a troll
  6372 | D:11     | Reached XP level 10. HP: 32/88 MP: 6/12
  6432 | D:11     | Noticed Erica
  6443 | D:11     | Killed Erica
  6652 | D:11     | Killed a two-headed ogre
  6652 | D:11     | Reached skill level 11 in Axes
  6838 | D:11     | Killed a two-headed ogre
  7096 | D:11     | Found a portal to a secret trove of treasure.
  7289 | D:11     | Reached **** piety under Qazlal
  7594 | D:10     | Entered Level 10 of the Dungeon
  7597 | D:10     | Gained mutation: You are partially covered in molten
                  | scales. (AC +2) [potion of mutation]
  7597 | D:10     | Gained mutation: You have large cloven feet. [potion of
                  | mutation]
  7643 | D:10     | Reached XP level 11. HP: 97/97 MP: 14/14
  7730 | D:10     | Reached skill level 12 in Axes
  8531 | D:10     | Killed an unseen horror
  9413 | D:9      | Reached skill level 10 in Fighting
  9469 | D:9      | Reached skill level 10 in Shields
 10259 | Lair:1   | Entered Level 1 of the Lair of Beasts
 10268 | Lair:1   | Reached skill level 13 in Axes
 10277 | Lair:1   | Reached skill level 10 in Armour
 10448 | Lair:1   | Found an ornate altar of the Wu Jian Council.
 10529 | Lair:1   | Noticed Joseph
 10544 | Lair:1   | Killed Joseph
 10673 | Lair:1   | Found a frozen archway.
 10683 | Lair:1   | Reached ***** piety under Qazlal
 10691 | IceCv    | Entered an ice cave
 10858 | IceCv    | Reached XP level 12. HP: 107/107 MP: 16/16
 11059 | IceCv    | Reached skill level 14 in Axes
 11227 | IceCv    | Noticed a death yak
 11248 | IceCv    | Killed a death yak
 11528 | IceCv    | Noticed a frost giant
 11538 | IceCv    | Killed a frost giant
 12544 | Lair:2   | Reached skill level 15 in Axes
 12690 | Lair:2   | Reached XP level 13. HP: 111/117 MP: 18/18
 13659 | Lair:3   | Found a hole to the Spider Nest.
 13776 | Lair:3   | Noticed Rupert
 13776 | Lair:3   | Paralysed by Rupert for 2 turns
 13795 | Lair:3   | Killed Rupert
 13991 | Lair:3   | Found a staircase to the Swamp.
 14654 | Lair:4   | Reached ****** piety under Qazlal
 15776 | Lair:5   | Reached skill level 16 in Axes
 16315 | Lair:5   | Got a steaming lead amulet
 16404 | Lair:5   | Found a staircase to the Slime Pits.
 16952 | Lair:6   | Entered Level 6 of the Lair of Beasts
 16960 | Lair:6   | Identified a scroll of acquirement
 16965 | Lair:5   | Identified the +0 tower shield "Luni Tuimn" {rC+ rN+} (You
                  | acquired it on level 5 of the Lair of Beasts)
 16967 | Lair:5   | Identified the amulet of the Peasants {RegenMP rC+ MR-
                  | Int+4} (You found it on level 5 of the Lair of Beasts)
 16985 | Lair:6   | Reached skill level 10 in Invocations
 17024 | Lair:6   | Reached XP level 14. HP: 34/127 MP: 13/20
 17035 | Lair:6   | Found a gate leading to a gauntlet.
 17046 | Gauntlet | Entered a Gauntlet
 17046 | Gauntlet | Found a transporter.
 17046 | Gauntlet | Found a transporter.
 17360 | Gauntlet | Found a transporter.
 17364 | Gauntlet | Found a transporter.
 17372 | Gauntlet | Found a transporter.
 17376 | Gauntlet | Found a transporter.
 17384 | Gauntlet | Found a transporter.
 17400 | Gauntlet | Found a transporter.
 17414 | Gauntlet | Found a transporter.
 17418 | Gauntlet | Found a transporter.
 17426 | Gauntlet | Found a transporter.
 17430 | Gauntlet | Found a transporter.
 17479 | Gauntlet | Identified the Tome of Confrontation
 17560 | Gauntlet | Identified the +3 hand crossbow of Facwanail {penet, rElec
                  | Int+3}
 17588 | Gauntlet | Got a pair of transparent gloves
 17610 | Lair:6   | Identified the cursed +0 pair of gloves "Ammoaxouts"
                  | {*Corrode rN+ Int+8 Stlth+} (You found it in a Gauntlet)
 17848 | Lair:6   | Reached skill level 17 in Axes
 18996 | D:12     | Found a staircase to the Orcish Mines.
 19431 | D:13     | Noticed Frances
 19438 | D:13     | Killed Frances
 19757 | D:13     | Found a gate to the Vaults.
 20001 | D:13     | Reached XP level 15. HP: 139/139 MP: 22/22
 20192 | D:13     | Reached skill level 18 in Axes
 20693 | D:14     | Reached skill level 15 in Fighting
 20899 | D:14     | Reached skill level 1 in Dodging
 21001 | D:14     | Found an iron altar of Okawaru.
 21580 | D:15     | Entered Level 15 of the Dungeon
 22685 | D:15     | Found a staircase to the Depths.
 22969 | Swamp:1  | Entered Level 1 of the Swamp
 22978 | Swamp:1  | Noticed Josephine
 22986 | Swamp:1  | Killed Josephine
 23155 | Swamp:1  | Noticed Kirke
 23174 | Swamp:1  | Killed Kirke
 23771 | Swamp:2  | Reached skill level 5 in Dodging
 23791 | Swamp:3  | Reached XP level 16. HP: 99/152 MP: 24/24
 24212 | Swamp:3  | Noticed Nikola
 24264 | Swamp:3  | Killed Nikola
 24448 | Swamp:3  | Noticed Mara
 24452 | Swamp:3  | Noticed Flugslaktarn's illusion
 24498 | Swamp:3  | Killed Mara
 24498 | Swamp:3  | Reached skill level 15 in Armour
 24683 | Swamp:4  | Entered Level 4 of the Swamp
 24988 | Swamp:4  | Noticed the 27-headed Lernaean hydra
 24993 | Swamp:4  | HP: 7/157 [the 26-headed Lernaean hydra (4)]
 24993 | Swamp:4  | Slain by the 26-headed Lernaean hydra

Illustrated notes

Levels and vault maps discovered:
D:1:      sevenhm_arrival_forest_fort_large_2, layout_basic, serial_glass,
          glass_columns_c, glass_columns_b, due_unseen_surprise,
          feat_on_display, minmay_strange_pillars
D:2:      kennysheep_six_static_rooms, layout_loops_ring, first_ration,
          uniq_robin, uniq_jessica
D:3:      layout_basic, lemuel_crystal_altar, uniq_ijyb
D:4:      layout_basic, kennysheep_mini, marbit_many_paths
D:5:      layout_basic, makhleb_heckhound_becter, uniq_blork_the_orc
D:6:      layout_loops_ring, kiku_gazebo_garden_becter,
          minmay_temple_entry_proselytizer, nicolae_ru_the_path_less_chosen
D:7:      layout_loops_cross, grunt_temple_overflow_open,
          dancing_weapons_uskayaw, kennysheep_mini_moat, minmay_lizard_king
D:8:      layout_basic, lair_entry_dummy, chequers_ossuary_entry_cave
D:9:      layout_basic
D:10:     minmay_inner_zag, layout_loops_ring
D:11:     layout_cave_pools, nicolae_trove_entry_free_sample,
          hangedman_little_slice_of_home, uniq_erica
D:12:     layout_basic, orc_0_dummy
D:13:     layout_roguey, david_vaults_2, minmay_fire_ice_demons, uniq_frances
D:14:     layout_basic, okawaru_ov_weapons_minmay
D:15:     grunt_enter_depths_magical_seal, layout_basic,
          serial_co_window_serial, co_window_of_opportunity_a,
          co_window_paths_a, co_window_corner_a, co_window_of_opportunity_a,
          co_window_corner_a, co_window_paths_a, co_window_of_opportunity_a,
          co_window_of_opportunity_b, co_window_2corner,
          co_window_of_opportunity_b, co_window_4corner_b
Lair:1:   layout_roguey, portal_ice_cave_entry_imps, basic_altar,
          grunt_megastairs_5, lemuel_fruit_tree, serial_bayou_shore_a,
          uniq_joseph
Lair:2:   layout_chaotic_city, serial_bayou, serial_bayou_lake_a,
          serial_bayou_pond_e, serial_bayou_shore_b, serial_bayou_crossing,
          serial_bayou_lagoon_b, infiniplex_staircase_pool
Lair:3:   layout_regular_city, swamp_mist_pool, dummy_spider_entry,
          chequers_serial_rivers_micro_a, uniq_rupert
Lair:4:   layout_concentric_octagons
Lair:5:   layout_cave_pods, minmay_slime_entry_oklob_enclosed,
          eino_small_chamber_without_monster
Lair:6:   hangedman_lair_in_review, layout_cave_shapes, gauntlet_entry_generic
Swamp:1:  layout_falls_marsh, hangedman_swamp_ruin_hall, swamp_pool1,
          st_swamp_ruins_2, uniq_josephine, uniq_kirke
Swamp:2:  layout_basic_swamp, evilmike_swamp_ruin_rubble_2
Swamp:3:  layout_basic_swamp, nicolae_swamp_feature_on_the_river_bank,
          uniq_mara, uniq_nikola
Swamp:4:  swamp_basic_johnstein, layout_basic_swamp, swamp_pool1,
          nicolae_swamp_very_dense_foliage

Skill      XL: |  1  2  3  4  5  6  7  8  9 10 11 12 13 14 15 16 |
---------------+-------------------------------------------------+-----
Fighting       | 4 5 6 8 9 10 11 12 14 16 17 | 17.9
Axes           | 3 4 5 7 8 10 11 13 15 16 17 18 | 18.0
Armour         | 4 5 6 8 9 10 11 12 13 14 15 | 15.3
Shields        | 4 5 6 8 9 10 11 12 13 14 | 14.5
Invocations    | 1 2 3 5 6 7 9 10 11 12 | 12.0
Dodging        | 5 7 |  7.0

Action                   |  1- 3 |  4- 6 |  7- 9 | 10-12 | 13-15 | 16-18 || total
-------------------------+-------+-------+-------+-------+-------+-------++-------
Melee: War axe           |    18 |   135 |   351 |   736 |       |       ||  1240
       Headbutt          |       |    29 |    70 |   161 |   283 |    46 ||   589
       Broad axe         |       |       |       |    32 |  1024 |   209 ||  1265
Invok: Upheaval          |       |       |       |     5 |     9 |     3 ||    17
  Use: Scroll            |       |       |    10 |    12 |    16 |     2 ||    40
       Potion            |       |       |       |     8 |       |     1 ||     9
  Eat: Chunk             |       |     4 |    11 |     9 |    13 |       ||    37
       Ration            |       |       |     2 |     3 |     7 |     1 ||    13
Armor: Scale mail        |     2 |       |       |       |       |       ||     2
       Chain mail        |     4 |    65 |   121 |       |       |       ||   190
       Plate armour      |       |       |    33 |   289 |   305 |   131 ||   758
Dodge: Dodged            |     3 |    24 |    77 |   176 |   184 |   122 ||   586
       Repelled          |       |       |       |     4 |    13 |     1 ||    18
Block: Kite shield       |    12 |    64 |   227 |   626 |   936 |   244 ||  2109
       Reflection        |       |       |       |       |    27 |     4 ||    31

Table legend:
 A = Non-vault XP
 B = Vault XP
 C = Vault XP percentage of total XP
 D = Non-vault monster count
 E = Vault monster count
 F = Vault count percentage of total count
                 A         B        C        D         E       F
            +---------+---------+-------+---------+---------+-------
      Total |  112839 |   71654 |  38.8 |     533 |     196 |  26.9
            +---------+---------+-------+---------+---------+-------
        D:1 |       5 |       0 |   0.0 |       2 |       0 |   0.0
        D:2 |      11 |      37 |  77.1 |       5 |       1 |  16.7
        D:3 |      72 |      36 |  33.3 |      12 |       1 |   7.7
        D:4 |     327 |     127 |  28.0 |      18 |       1 |   5.3
        D:5 |     495 |     129 |  20.7 |      19 |       2 |   9.5
        D:6 |     469 |      41 |   8.0 |      19 |       1 |   5.0
        D:7 |    1202 |     165 |  12.1 |      24 |       9 |  27.3
        D:8 |    1069 |       0 |   0.0 |      23 |       0 |   0.0
        D:9 |    2869 |       0 |   0.0 |      41 |       0 |   0.0
       D:10 |    2507 |    1574 |  38.6 |      23 |       6 |  20.7
       D:11 |    4963 |    1319 |  21.0 |      32 |      10 |  23.8
       D:12 |    3544 |       0 |   0.0 |      25 |       0 |   0.0
       D:13 |    9200 |    6521 |  41.5 |      29 |      14 |  32.6
       D:14 |   15013 |       0 |   0.0 |      29 |       0 |   0.0
       D:15 |    7872 |    4233 |  35.0 |      33 |       9 |  21.4
     Lair:1 |    1935 |     552 |  22.2 |       9 |      13 |  59.1
     Lair:2 |    4828 |       0 |   0.0 |      21 |       0 |   0.0
     Lair:3 |    1901 |    2686 |  58.6 |       8 |       1 |  11.1
     Lair:4 |    5601 |       0 |   0.0 |      19 |       0 |   0.0
     Lair:5 |    4314 |    1747 |  28.8 |      14 |       3 |  17.6
     Lair:6 |   18075 |   10940 |  37.7 |      43 |      21 |  32.8
    Swamp:1 |    3350 |    5465 |  62.0 |       9 |       9 |  50.0
    Swamp:2 |   10028 |       0 |   0.0 |      35 |       0 |   0.0
    Swamp:3 |    7485 |   11410 |  60.4 |      24 |       2 |   7.7
    Swamp:4 |    5704 |    7376 |  56.4 |      17 |      15 |  46.9
    Ossuary |       0 |     382 | 100.0 |       0 |      12 | 100.0
      IceCv |       0 |   13959 | 100.0 |       0 |      57 | 100.0
   Gauntlet |       0 |    2955 | 100.0 |       0 |       9 | 100.0
            +---------+---------+-------+---------+---------+-------
